 Dungeon Crawl Stone Soup version 0.32-a0-7-ge934b4519a (webtiles) character file.

Game seed: 14919897217632307512

2543 experimilk the Grappler (level 9, -1/93 HPs)
             Began as a Troll Gladiator on Jan 14, 2024.
             Was an Initiate of Uskayaw.
             Killed from afar by an electric eel (11 damage)
             ... with a bolt of electricity
             ... on level 7 of the Dungeon.
             The game lasted 00:18:07 (6347 turns).

experimilk the Grappler (Troll Gladiator)           Turns: 6347, Time: 00:18:08

Health: -1/93      AC:  5    Str: 28    XL:     9   Next: 30%
Magic:  8/8        EV: 10    Int:  4    God:    Uskayaw [......]
Gold:   302        SH:  0    Dex: 11    Spells: 8/8 levels left

rFire   . .          .
                       - Unarmed
rCold   . . .        (no shield)
rNeg    . . .        p - +0 robe
rPois   .            b - +0 hat
rElec   .            n - +0 cloak
rCorr   .            (gloves unavailable)
SInv    +            (boots unavailable)
Will    .....        o - amulet of faith
Stlth   +            x - ring of see invisible
HPRegen 1.15/turn    (no ring)
MPRegen 0.11/turn

%: faith
@: confused, ambrosia-drunk
A: large, unfitting armour, claws 3, regeneration 1, shaggy fur 1, tough skin 1
a: Renounce Religion


You were on level 7 of the Dungeon.
You worshipped Uskayaw.
Uskayaw was noncommittal.
You visited 2 branches of the dungeon, and saw 9 of its levels.

You collected 326 gold pieces.
You spent 24 gold pieces at shops.

Inventory:

Missiles
 a - 9 poisoned darts (quivered)
 d - 4 datura-tipped darts
 q - 3 throwing nets
 s - 3 curare-tipped darts
 A - a large rock
Armour
 b - a +0 hat (worn)
 n - a +0 cloak (worn)
 p - a +0 robe (worn)
Jewellery
 j - a ring of flight
 l - an amulet of reflection
 m - an amulet of magic regeneration
 o - an amulet of faith (around neck)
 x - a ring of see invisible (left claw)
Wands
 B - a wand of charming (9)
Scrolls
 c - 2 scrolls of teleportation
 e - 2 scrolls of fear {unknown}
 g - a scroll of immolation
 h - 2 scrolls of noise {unknown}
 k - 6 scrolls of fog
 r - a scroll of blinking {unknown}
 v - 2 scrolls of enchant armour
 z - a scroll of amnesia {unknown}
Potions
 f - 9 potions of curing
 i - 2 potions of mutation
 u - 2 potions of haste
 w - a potion of lignification
 y - 2 potions of berserk rage
 C - a potion of heal wounds {unknown}


   Skills:
 * Level 7.2 Fighting
 - Level 1.7 Throwing
 - Level 2.4 Dodging
 - Level 10.0 Unarmed Combat


You had 8 spell levels left.
You didn't know any spells.
Your spell library contained the following spells:

 Spells                   Type           Power      Damage    Failure   Level
 Kiss of Death            Conj/Necr      0%         2d5       50%         1
 Scorch                   Fire           0%         2d5       65%         2
 Sublimation of Blood     Necr           0%         N/A       65%         2
 Confusing Touch          Hex            0%         N/A       86%         3
 Animate Armour           Summ/Erth      0%         N/A       99%         4
 Dispel Undead            Necr           0%         3d6       99%         4
 Flame Wave               Conj/Fire      0%         2d4       99%         4
 Petrify                  Alch/Erth      0%         N/A       99%         4
 Summon Lightning Spire   Summ/Air       0%         N/A       99%         4
 Irradiate                Conj/Alch      0%         3d11      100%        5
 Lee's Rapid Deconstruct  Erth           0%         3d4*      100%        5
 Summon Cactus Giant      Summ           0%         N/A       100%        6


Dungeon Overview and Level Annotations

Branches:
Dungeon (8/15)             Temple (1/1) D:4
   Lair: D:8-11

Altars:
Ashenzari
Cheibriados
Dithmenos
Elyvilon
Fedhas
Gozag
Hepliaklqana
Kikubaaqudgha
Makhleb
Nemelex Xobeh
Okawaru
Qazlal
Ru
Sif Muna
Trog
Uskayaw
Vehumet
Xom
Zin
The Shining One

Shops:
D:3 (


Innate Abilities, Weirdness & Mutations

You are too large for most types of armour.
You have claws for hands.
Your natural rate of healing is unusually fast.
You are covered in fur. (AC +1)
You have tough skin. (AC +1)


Message History

The electric eel shoots out a bolt of lightning at you!
The bolt of electricity hits you!
The electric eel shoots out a bolt of lightning at you!
The bolt of electricity hits you!
The electric eel shoots out a bolt of lightning at you!
The bolt of electricity hits you! x2
The bolt of electricity hits the electric eel.
The electric eel completely resists.
You claw the electric eel!
The electric eel is heavily wounded.
You barely miss the electric eel.
The electric eel is heavily wounded.
The electric eel shoots out a bolt of lightning at you!
The bolt of electricity misses you. The bolt of electricity hits you!
The bolt of electricity hits the electric eel.
The electric eel completely resists.
You miss the electric eel.
The electric eel is heavily wounded.
The electric eel shoots out a bolt of lightning at you!
The bolt of electricity hits you!
The electric eel shoots out a bolt of lightning at you!
The bolt of electricity hits you!
* * * LOW HITPOINT WARNING * * *
The bolt of electricity hits you!
* * * LOW HITPOINT WARNING * * *
The bolt of electricity hits the electric eel.
The electric eel completely resists.
You stomp with the beat, sending a shockwave through the revellers around you!
The electric eel is severely wounded.
The electric eel is heavily wounded.
You can no longer stomp with the beat.
The electric eel shoots out a bolt of lightning at you!
The bolt of electricity hits you!
* * * LOW HITPOINT WARNING * * *
Unknown command.
You are confused.
You feel invigorated.
The electric eel shoots out a bolt of lightning at you!
The bolt of electricity hits you!
You die...

.#. # ≈.# #.≈.#.# .
##≈.# #.≈.#. # #.≈.#
.. #.≈(.. #.≈.# ≈≈≈
#.≈.. #.≈.#
..#####.≈.# ##
#.≈.######......≈.# #
..
#.≈.......≈≈≈≈≈SS.#.#
##
#.≈≈≈≈≈≈≈≈......@...#
#.#.....###...##.####
#.#.##### ##.....#
#...# #####.# ##..#
####.# ##.# #....#
#.# #.#### #.## #.#
#.# #..##### #.# #.#


You could see 2 electric eels.

Vanquished Creatures
  Edmund (D:4)
  Duvessa (D:6)
  A sky beast (D:7)
  2 black bears (D:5)
  An ogre (D:5)
  2 centaurs (D:6)
  2 kobold brigands
  3 bullfrogs
  A gnoll sergeant (D:6)
  4 scorpions
  4 wights
  Dowan (D:6)
  A vampire bat (D:4)
  2 bombardier beetles
  A hound (D:5)
  A jelly (D:3)
  3 orc priests
  A gnoll bouda (D:5)
  Jessica (D:2)
  4 iguanas
  5 orc wizards
  4 adders
  18 gnolls
  2 ufetubi (D:6)
  5 ribbon worms
  A dart slug (D:4)
  25 orcs
  4 ball pythons
  7 bats
  2 bat skeletons (D:4)
  5 bat zombies (D:4)
  10 endoplasms
  6 giant cockroaches
  7 goblins
  9 hobgoblins
  A jackal (D:1)
  14 kobolds
  4 quokkas
  3 frilled lizards
  9 rats
178 creatures vanquished.

Notes
Turn   | Place    | Note
-------+----------+-------------------------------------------
     0 | D:1      | experimilk the Troll Gladiator began the quest for the Orb.
     0 | D:1      | Reached XP level 1. HP: 19/19 MP: 0/0
     1 | D:1      | Found a runed translucent door.
   260 | D:1      | Reached XP level 2. HP: 27/27 MP: 1/1
   681 | D:1      | Reached skill level 4 in Unarmed Combat
   696 | D:1      | Reached XP level 3. HP: 31/33 MP: 2/2
   782 | D:1      | Reached skill level 5 in Unarmed Combat
   782 | D:1      | Reached XP level 4. HP: 35/41 MP: 3/3
   821 | D:2      | Found a faded altar of an unknown god.
   824 | D:2      | Noticed Jessica
   829 | D:2      | Killed Jessica
  1487 | D:3      | Reached skill level 6 in Unarmed Combat
  1487 | D:3      | Reached XP level 5. HP: 48/48 MP: 4/4
  2055 | D:3      | Found Okkeoh's Weapon Emporium.
  2062 | D:3      | Bought 2 curare-tipped darts for 24 gold pieces
  2413 | D:4      | Reached XP level 6. HP: 55/55 MP: 5/5
  2419 | D:4      | Reached skill level 7 in Unarmed Combat
  2444 | D:4      | Found a staircase to the Ecumenical Temple.
  2546 | Temple   | Entered the Ecumenical Temple
  2564 | Temple   | Became a worshipper of Uskayaw the Reveller
  2649 | D:4      | Reached * piety under Uskayaw
  2777 | D:4      | Reached ** piety under Uskayaw
  2884 | D:4      | Noticed Edmund
  2901 | D:4      | Killed Edmund
  2902 | D:4      | Reached skill level 8 in Unarmed Combat
  2902 | D:4      | Reached XP level 7. HP: 48/62 MP: 6/6
  3092 | D:4      | Found an ancient bone altar of Kikubaaqudgha.
  3093 | D:4      | Reached *** piety under Uskayaw
  3098 | D:4      | Reached **** piety under Uskayaw
  3215 | D:5      | Entered Level 5 of the Dungeon
  3223 | D:5      | You fall into a shaft and drop 3 floors!
  3350 | D:6      | Noticed Duvessa
  3519 | D:5      | Reached skill level 9 in Unarmed Combat
  3679 | D:5      | Reached ***** piety under Uskayaw
  3857 | D:5      | Reached XP level 8. HP: 60/70 MP: 2/7
  4134 | D:6      | Noticed Dowan
  4169 | D:5      | Reached skill level 10 in Unarmed Combat
  5083 | D:6      | Found a broken altar of Ashenzari.
  5122 | D:6      | Found a hazy altar of Hepliaklqana.
  5233 | D:6      | Reached skill level 5 in Fighting
  5522 | D:6      | Killed Duvessa
  5523 | D:6      | Reached XP level 9. HP: 89/89 MP: 8/8
  5527 | D:6      | Killed Dowan
  6128 | D:7      | Found a shadowy altar of Dithmenos.
  6346 | D:7      | HP: 4/93 [electric eel/bolt of electricity (7)]
  6347 | D:7      | Killed from afar by an electric eel

Illustrated notes

Levels and vault maps discovered:
D:1:      dpeg_arrival_caged_fury, layout_basic
D:2:      layout_basic, serial_glass, glass_columns_c, glass_columns_b,
          due_unseen_surprise, minmay_strange_pillars, item_on_display_a,
          chequers_ecumenical_altar_simple, grunt_decor_junction,
          minmay_misc_feat_five, uniq_jessica
D:3:      layout_loops_cross, serial_shops, shop
D:4:      layout_cave_pools, kennysheep_vampire_church,
          minmay_temple_entry_purple_smoke, minmay_misc_feat_iff, uniq_edmund
D:5:      layout_gridville
D:6:      layout_cave_pools, mainiacjoe_overflow_alcove_4,
          mainiacjoe_overflow_surrounded_room, hex_medium, uniq_duvessa
D:7:      layout_loops_ring, overflow_temple_1_default,
          nicolae_overflow_squiral, nicolae_specific_store
D:8:      layout_basic, grunt_ministairs_14, grunt_decor_mini_mirrors,
          uniq_prince_ribbit1
Temple:   nicolae_temple_superstar

Skill      XL: |  1  2  3  4  5  6  7  8  9 |
---------------+----------------------------+-----
Unarmed Combat | 4 5 6 8 9 10 | 10.0
Fighting       | 6 7 |  7.2
Throwing       | |  1.7
Dodging        | |  2.4

Action                     |  1- 3 |  4- 6 |  7- 9 || total
---------------------------+-------+-------+-------++-------
  Melee: Unarmed           |    87 |   140 |   161 ||   388
         Punch             |       |     5 |     1 ||     6
  Throw: Dart              |       |    29 |    36 ||    65
         Large rock        |       |     4 |     4 ||     8
 Invoke: Line Pass         |       |       |     2 ||     2
         Stomp             |       |       |     1 ||     1
  Evoke: Wand              |       |       |     2 ||     2
    Use: Scroll            |     1 |     2 |     7 ||    10
         Potion            |     1 |       |     2 ||     3
   Stab: Sleeping          |     1 |       |       ||     1
         Paralysed         |       |       |     7 ||     7
 Armour: Robe              |    56 |    61 |   166 ||   283
  Dodge: Dodged            |    40 |    39 |   108 ||   187
  Block: Other             |     5 |    21 |       ||    26
         Reflection        |     1 |     1 |       ||     2

Table legend: (Time is in decaauts)
 A = Elapsed time spent in this place.
 B = Non-inter-level travel time spent in this place.
 C = Inter-level travel time spent in this place.
 D = Time resting spent in this place.
 E = Time spent auto-exploring this place.
 F = Levels seen in this place.
 G = Mean time per level.
                   A        B        C        D        E       F      G
               +--------+--------+--------+--------+--------+-----+--------+
         Total |   6298 |   6019 |    279 |   1573 |   2976 |   9 |  699.8 |
       Dungeon |   6251 |   6006 |    245 |   1573 |   2976 |   8 |  781.4 |
        Temple |     46 |     12 |     34 |      0 |      0 |   1 |   46.0 |
               +--------+--------+--------+--------+--------+-----+--------+

Top non-repeatable levels by time:
     D:5: 1900 daAuts
     D:4: 890 daAuts
     D:3: 821 daAuts
     D:6: 754 daAuts
     D:1: 749 daAuts
     D:2: 682 daAuts
     D:7: 341 daAuts
     D:8: 110 daAuts
  Temple: 46 daAuts
